 Dungeon Crawl Stone Soup version 0.31-a0-185-g9dded2c639 (webtiles) character file.

Game seed: 336750171509303333

73 qw the Shooter (level 4, -4/25 HPs)
             Began as a Deep Elf Hunter on June 22, 2023.
             Slain by Natasha (6 damage)
             ... on level 1 of the Dungeon.
             The game lasted 00:00:30 (1321 turns).

qw the Shooter (Deep Elf Hunter)                    Turns: 1321, Time: 00:00:31

Health: -4/25      AC:  3    Str: 10    XL:     4   Next: 8%
Magic:  15/15      EV: 12    Int: 18    God:
Gold:   45         SH:  0    Dex: 18    Spells: 3/3 levels left

rFire   + . .        Y - +0 shortbow
rCold   . . .        (shield currently unavailable)
rNeg    . . .        c - +0 leather armour
rPois   .            (no helmet)
rElec   .            (no cloak)
rCorr   .            (no gloves)
SInv    .            (no boots)
Will    .....        (no amulet)
Stlth   ++           a - ring of Ofiaw {rF+ MP+9 Int+4}
HPRegen 0.24/turn    (no ring)
MPRegen 0.14/turn

%: no passive effects
@: no status effects
A: no striking features
a: no special abilities


You were on level 1 of the Dungeon.
You visited 1 branch of the dungeon, and saw 2 of its levels.

You collected 45 gold pieces.


   Skills:
 - Level 1.5 Fighting
 + Level 7.5 Ranged Weapons
 - Level 2.4 Dodging
 - Level 1.2 Stealth


You had 3 spell levels left.
You didn't know any spells.
Your spell library was empty.

Inventory:

Hand Weapons
 Y - a +0 shortbow (weapon)
Armour
 c - a +0 leather armour (worn)
Jewellery
 a - the ring of Ofiaw (left hand) {rF+ MP+9 Int+4}
   (You acquired it on level 1 of the Dungeon)

   [ring of magical power]

   Int:       It affects your intelligence (+4).
   rF:        It protects you from fire.
   MP:        It affects your magic capacity (+9).
Potions
 b - a potion of might {unknown}
 g - a potion of mutation {unknown}

Dungeon Overview and Level Annotations

Branches:
Dungeon (2/15)

Altars:

Annotations:
D:1 Natasha


Message History

The cerulean imp is moderately wounded.
Natasha zaps a wand.
The puff of flame hits you. You resist.
1276 ||| STAIRDANCE The cerulean imp hits you from afar with a +1 spear.
You climb upwards.
There is a stone staircase leading down here.
You start resting.
HP restored.
Done exploring.
(D) Dungeon
Where to? (* - list waypoints, Enter - D:3, ? - help)
What level of the Dungeon? (default 1, ? - help)
You climb downwards.
Level annotation: Natasha
There is a stone staircase leading up here.
Natasha is nearby!
You shoot an arrow. The arrow closely misses Natasha.
You shoot an arrow. The arrow barely misses Natasha.
Natasha zaps a wand.
The puff of flame hits you. You resist.
You shoot an arrow. The arrow hits Natasha.
Natasha is lightly wounded.
Natasha claws you.
1315 ||| STAIRDANCE Natasha stares at you and mumbles some strange words.
The magic dart hits you!
You climb upwards.
There is a stone staircase leading down here.
You shoot an arrow. The arrow barely misses Natasha.
Natasha casts a spell at you. The magic dart hits you.
You shoot an arrow. The arrow closely misses Natasha.
Natasha claws you.
You shoot an arrow. The arrow barely misses Natasha.
Natasha zaps a wand.
The puff of flame hits you. You resist.
You shoot an arrow. The arrow hits Natasha.
Natasha is heavily wounded.
Natasha claws you.
You shoot an arrow. The arrow barely misses Natasha.
Natasha claws you.
You die...

#.........[.....#
##.....
#.####.#.#####.##
#...... #.# #.#.#
#.####.#.... #.#
#.#.#
#......####. #.#
#.#.# #..#####
##. #.#
#.#.#####..# #..
#.# #..........#
#.# #.#
##..######## #.#
#.# #.@# #.# #.#
#h.# #.# #.# #..#
#.# #.# #..#####
#.# #.# #.)....#
#.# #.# ##.###.#
#######. #.## #.#
#.#####.....##
#..# #.#
#.##.....}..#
##.# #.#
#.#.........##


You could see Natasha.

Vanquished Creatures
  Natasha (D:2)
  An adder (D:2)
  A worm (D:2)
  5 endoplasms
  A giant cockroach (D:2)
  A goblin (D:1)
  A hobgoblin (D:2)
  4 jackals (D:2)
  4 kobolds
  A quokka (D:2)
  8 ball pythons
  2 bats
  2 frilled lizards (D:1)
  3 rats
35 creatures vanquished.

Notes
Turn   | Place    | Note
-------+----------+-------------------------------------------
     0 | D:1      | qw the Deep Elf Hunter began the quest for the Orb.
     0 | D:1      | Reached XP level 1. HP: 12/12 MP: 3/3
     0 | D:1      | 0 ||| qw: Version: 0.3-a-9-g12657ce
     0 | D:1      | 0 ||| qw: Game counter: 1832
     0 | D:1      | 0 ||| qw: Always use a shield: true
     0 | D:1      | 0 ||| qw: God list: Okawaru
     0 | D:1      | 0 ||| qw: Allow faded altars: false
     0 | D:1      | 0 ||| qw: Do Orc after D:15 true
     0 | D:1      | 0 ||| qw: Do second Lair branch before Depths: true
     0 | D:1      | 0 ||| qw: Lair rune preference: random
     0 | D:1      | 0 ||| qw: Plans: Normal
     0 | D:1      | 0 ||| PLANNING D:1-11
   142 | D:1      | Reached XP level 2. HP: 16/16 MP: 4/4
   162 | D:1      | Reached skill level 6 in Ranged Weapons
   542 | D:1      | 542 ||| READING scroll labelled MIHEICKIOM.
   545 | D:1      | 545 ||| READING scroll labelled YNLEHE PEIKHLA.
   546 | D:1      | 546 ||| READING scroll labelled OSEVEXU VUAB.
   547 | D:1      | 547 ||| DROPPING scroll of butterflies.
   610 | D:2      | Reached XP level 3. HP: 11/20 MP: 5/5
   617 | D:2      | 617 ||| FLEEEEING.
   618 | D:2      | 618 ||| FLEEEEING.
   619 | D:2      | 619 ||| FLEEEEING.
   620 | D:2      | 620 ||| STAIRDANCE
   658 | D:1      | 658 ||| READING scroll labelled CAWNE BOUKKI.
   658 | D:1      | Identified a scroll of acquirement
   658 | D:1      | 658 ||| ACQUIRING ring of Ofiaw {rF+ MP+9 Int+4}
   658 | D:1      | Acquired the ring of Ofiaw {rF+ MP+9 Int+4}
   660 | D:1      | 660 ||| UPGRADING to ring of Ofiaw {rF+ MP+9 Int+4}.
   826 | D:2      | Reached skill level 7 in Ranged Weapons
   935 | D:2      | Noticed Natasha
   943 | D:2      | HP: 4/20 [cerulean imp/+2 spear[Natasha] (3)]
   945 | D:2      | Killed Natasha
   946 | D:2      | Reached XP level 4. HP: 5/25 MP: 6/6
  1200 | D:2      | 1200 ||| DROPPING amulet of magic regeneration.
  1201 | D:2      | 1201 ||| READING scroll labelled QEUKIN UNICE.
  1202 | D:2      | 1202 ||| READING scroll labelled NIKKOG TIMOYD.
  1216 | D:2      | Noticed Natasha
  1218 | D:2      | 1218 ||| FLEEEEING.
  1219 | D:2      | 1219 ||| FLEEEEING.
  1220 | D:2      | 1220 ||| FLEEEEING.
  1221 | D:2      | 1221 ||| STAIRDANCE
  1276 | D:2      | 1276 ||| STAIRDANCE
  1315 | D:2      | 1315 ||| STAIRDANCE
  1319 | D:1      | HP: 5/25 [Natasha/puff of flame (4)]
  1320 | D:1      | HP: 2/25 [Natasha (4)]
  1321 | D:1      | Slain by Natasha

Levels and vault maps discovered:
D:1:      dpeg_arrival_arbitrary_c, layout_loops_ring
D:2:      layout_rooms, uniq_natasha

Skill      XL: |  1  2  3 |
---------------+----------+-----
Ranged Weapons | 6 7 |  7.5
Fighting       | |  1.5
Dodging        | |  2.4
Stealth        | |  1.2

Action                     |  1- 3 |  4- 6 || total
---------------------------+-------+-------++-------
   Fire: Shortbow          |    85 |    14 ||    99
    Use: Scroll            |     4 |     2 ||     6
 Armour: Leather armour    |     7 |       ||     7
  Dodge: Dodged            |    11 |       ||    11

Table legend:
 A = Non-vault XP
 B = Vault XP
 C = Vault XP percentage of total XP
 D = Non-vault monster count
 E = Vault monster count
 F = Vault count percentage of total count
                 A         B        C        D         E       F
            +---------+---------+-------+---------+---------+-------
      Total |      70 |      35 |  33.3 |      34 |       1 |   2.9
            +---------+---------+-------+---------+---------+-------
        D:1 |      22 |       0 |   0.0 |      16 |       0 |   0.0
        D:2 |      48 |      35 |  42.2 |      18 |       1 |   5.3
            +---------+---------+-------+---------+---------+-------
